 Dungeon Crawl Stone Soup version 0.30.0 (webtiles) character file.

Game seed: 12095553301976795647

108190 rhysdieslots the Eclecticist (level 16, -2/100 HPs)
             Began as a Deep Elf Air Elementalist on Oct 30, 2023.
             Was a High Priest of Vehumet.
             Slain by a wolf spider (12 damage)
             ... on level 3 of the Spider Nest.
             The game lasted 02:18:26 (34094 turns).

rhysdieslots the Eclecticist (DEAE)                Turns: 34094, Time: 02:18:27

Health: -2/100     AC:  5    Str:  7    XL:     16   Next: 2%
Magic:  0/38       EV: 23    Int: 35    God:    Vehumet [*****.]
Gold:   2179       SH: 10    Dex: 15    Spells: 1/47 levels left

rFire   . . .        K - +5 hand axe of Haamos {drain, Str+2 Int+6}
rCold   + . .        Y - +0 buckler
rNeg    . . .        J - +2 robe {rC+}
rPois   .            y - +1 hat
rElec   .            (no cloak)
rCorr   .            (no gloves)
SInv    +            (no boots)
Will    +....        d - amulet of reflection
Stlth   ++           p - +5 ring of evasion
HPRegen 0.36/turn    C - ring of see invisible
MPRegen 0.26/turn

%: reflection
@: freezing walls, very slightly contaminated
A: no striking features
a: Renounce Religion


You were on level 3 of the Spider Nest.
You worshipped Vehumet.
Vehumet was extremely pleased with you.
You visited 5 branches of the dungeon, and saw 25 of its levels.

You collected 3238 gold pieces.
You spent 1059 gold pieces at shops.

Inventory:

Hand Weapons
 G - the +4 rapier of Due Proportion {freeze, rC++ Str+5}
   (You took it off a centaur on level 10 of the Dungeon)

   Str:       It affects your strength (+5).
   rC:        It greatly protects you from cold.
 K - the +5 hand axe of Haamos (weapon) {drain, Str+2 Int+6}
   (You bought it in a shop on level 3 of the Dungeon)

   Str:       It affects your strength (+2).
   Int:       It affects your intelligence (+6).
 R - the +8 war axe of the Unbearable God {holy, rPois rC++ Int+2 Dex-2}
   (You found it on level 5 of the Lair of Beasts)

   Int:       It affects your intelligence (+2).
   Dex:       It affects your dexterity (-2).
   rC:        It greatly protects you from cold.
   rPois:     It protects you from poison.
Armour
 y - a +1 hat (worn)
 J - a +2 robe of cold resistance (worn)
 U - a +2 robe of willpower
 Y - a +0 buckler (worn)
Jewellery
 c - a +5 ring of evasion
 d - an amulet of reflection (around neck)
 h - an amulet of regeneration
 p - a +5 ring of evasion (left hand)
 C - a ring of see invisible (right hand)
 T - the amulet "Aqut" {Faith +Blink rF++ Regen+ Int-4}
   (You took it off a necromancer on level 5 of the Lair of Beasts)

   [amulet of faith]

   It allows you to gain divine favour quickly.
   Int:       It affects your intelligence (-4).
   rF:        It greatly protects you from fire.
   +Blink:    It lets you blink.
   Regen:     It increases your rate of health regeneration.
Wands
 t - a wand of polymorph (12)
 B - a wand of flame (14)
 L - a wand of roots (13)
 O - a wand of quicksilver (1)
 S - a wand of paralysis (13)
 V - a wand of mindburst (2)
Scrolls
 b - 3 scrolls of enchant weapon
 e - 6 scrolls of teleportation
 j - 2 scrolls of enchant armour
 s - 6 scrolls of identify
 v - 4 scrolls of magic mapping
 w - 4 scrolls of fear
 N - a scroll of silence
 P - 4 scrolls of noise
 X - a scroll of brand weapon
 Z - 3 scrolls of fog
Potions
 f - 2 potions of flight
 i - 5 potions of attraction
 l - 3 potions of mutation
 m - 6 potions of lignification
 q - 3 potions of might
 u - 2 potions of haste
 A - a potion of berserk rage
 D - 4 potions of brilliance


   Skills:
 - Level 11.0 Fighting
 - Level 4.6 Axes
 - Level 13.5 Dodging
 - Level 2.4 Stealth
 + Level 3.8 Shields
 + Level 16.4 Spellcasting
 - Level 5.7 Conjurations
 - Level 4.0 Transmutations
 * Level 13.4 Fire Magic
 - Level 3.7 Ice Magic
 - Level 11.5 Air Magic
 - Level 6.1 Poison Magic
 - Level 4.0 Evocations


You had one spell level left.
You knew the following spells:

 Your Spells              Type           Power      Damage    Failure   Level
a - Shock                 Conj/Air       100%       1d9       1%          1
b - Static Discharge      Conj/Air       100%       2-7/arc   1%          2
c - Airstrike             Air            41%        2d(6-22)  1%          4
d - Frozen Ramparts       Ice            100%       1d16      1%          3
e - Plasma Beam           Fire/Air       43%        2x1d62    1%          6
f - Arcjolt               Conj/Air       36%        1d46      1%          5
g - Olgreb's Toxic Radia  Pois           64%        N/A       1%          4
h - Fireball              Conj/Fire      38%        3d16      1%          5
i - Irradiate             Conj/Tmut      29%        3d21      2%          5
j - Ignite Poison         Fire/Tmut/Pois 71%        N/A       1%          3
k - Ignition              Fire           44%        3d13      13%         8

Your spell library contained the following spells:

 Spells                   Type           Power      Damage    Failure   Level
 Iron Shot                Conj/Erth      24%        9d5       24%         6
 Foxfire                  Conj/Fire      100%       2x1d9     1%          1
 Freeze                   Ice            100%       1d10      1%          1
 Magic Dart               Conj           100%       1d8       1%          1
 Scorch                   Fire           100%       2d9       0%          2
 Searing Ray              Conj           100%       2d8       1%          2
 Hailstorm                Conj/Ice       58%        3d13      1%          3
 Swiftness                Air            83%        N/A       1%          3
 Vhi's Electric Charge    Tloc/Air       100%       N/A       1%          3
 Flame Wave               Conj/Fire      77%        2d17      1%          4
 Fulminant Prism          Conj/Hex       24%        3d12      1%          4
 Sticky Flame             Conj/Fire      77%        2d9       1%          4
 Iskenderun's Battlesphe  Conj           62%        2d11      1%          5
 Starburst                Conj/Fire      38%        6d11      1%          6
 Conjure Ball Lightning   Conj/Air       36%        3x3d12    2%          6
 Ice Form                 Ice/Tmut       54%        N/A       4%          4
 Silence                  Hex/Air        31%        N/A       5%          5
 Call Canine Familiar     Summ           28%        N/A       6%          3
 Portal Projectile        Hex/Tloc       56%        N/A       6%          3
 Summon Ice Beast         Ice/Summ       41%        N/A       10%         4
 Leda's Liquefaction      Hex/Erth       14%        N/A       21%         4
 Passage of Golubria      Tloc           28%        N/A       21%         4
 Orb of Destruction       Conj           31%        9d10      36%         7
 Summon Cactus Giant      Summ           14%        N/A       97%         6
 Lehudib's Crystal Spear  Conj/Erth      24%        10d7      100%        8


Dungeon Overview and Level Annotations

Branches:
Dungeon (14/15)            Temple (1/1) D:5            Lair (5/5) D:10
 Shoals (0/4) Lair:3       Spider (3/4) Lair:3        Slime (0/5) Lair:4
    Orc (2/2) D:10            Elf (0/3) Orc:2
 Vaults: D:13-14

Altars:
Cheibriados
Dithmenos
Elyvilon
Fedhas
Hepliaklqana
Kikubaaqudgha
Nemelex Xobeh
Sif Muna
Trog
Uskayaw
Vehumet
Wu Jian
Xom
Yredelemnul
Zin
Jiyva

Shops:
D:3 (   D:8 (   Orc:2 ([?!

Annotations:
D:7 1 runed translucent door, Crazy Yiuf
D:8 Maggie
D:11 1 runed translucent door, 2 transporters, IAmTheZeppo's ghost, journeyman MiFi
D:14 Agnes
Lair:5 3 runed translucent doors, exclusion: obsidian statue, TobyRickard's ghost, journeyman MiBe


Message History

Wisps of shadow whirl around you...
You carefully extract the barbed spikes from your body.
The wall freezes the wolf spider but does no damage.
The tarantella simulacrum completely resists.
The wall freezes the tarantella simulacrum but does no damage.
The tarantella simulacrum hits you.
* * * LOW HITPOINT WARNING * * *
The tarantella simulacrum freezes you! You resist.
* * * LOW HITPOINT WARNING * * *
The wall freezes the wolf spider!
The wolf spider closely misses you. x2
The tarantella simulacrum completely resists.
The wall freezes the tarantella simulacrum but does no damage.
You block the tarantella simulacrum's attack.
Okay, then.
Casting: Frozen Ramparts (safe; 1% risk of failure)
Confirm with . or Enter, or press ? or * to list all spells.
Okay, then.
Okay, then.
You feel better.
The wall freezes the wolf spider!
The wolf spider closely misses you. The wolf spider misses you.
The tarantella simulacrum completely resists.
The wall freezes the tarantella simulacrum but does no damage.
You block the tarantella simulacrum's attack.
Your redback bites the tarantella simulacrum.
Your redback closely misses the tarantella simulacrum.
Your radroach bites the wolf spider!
Your radroach claws the wolf spider.
Casting: Frozen Ramparts (safe; 1% risk of failure)
Confirm with . or Enter, or press ? or * to list all spells.
Aiming: Airstrike (safe; 1% risk of failure)
Press: ? - help, Dir - move target, f/p - tarantella simulacrum
Aim: a tarantella simulacrum (moderately damaged, ally target, empty space bonus: 0/8)
The air twists around and strikes the tarantella simulacrum!
The tarantella simulacrum is severely damaged.
The wall freezes the wolf spider!
The wolf spider misses you. You block the wolf spider's attack.
Your redback bites the tarantella simulacrum!
The tarantella simulacrum vaporises!
The wall freezes the wolf spider but does no damage.
The wolf spider hits you!
You die...

.^....#.....##.....#
.........#..##.^#.##
.#..........###....#
...#.......## #....#
..........### ###.##
^......s.## ###
..#...ss##
..w..#ssB# .
...#.#○@## #...
#.Bs## #.. ##..#
##.. #...###
#^...##....###
#.....#......#
#.........#
#^.........##
###..[..#.^#


You could see a wolf spider (ally target), a friendly radroach (summoned), a
friendly boulder beetle (summoned) and 5 friendly redbacks.

Vanquished Creatures
  Kirke (Spider:2)
  A ghost moth (Spider:1)
  A broodmother (Spider:2)
  A dire elephant (Lair:5)
  Snorg (D:11)
  Josephine (D:10)
  3 entropy weavers
  Harold (D:11)
  Fannar (D:10)
  2 ogre magi (Orc:2)
  4 catoblepae
  2 hydras
  13 two-headed ogres
  A radroach (Spider:3)
  3 boulder beetles
  Erica (D:11)
  3 death yaks (Lair:2)
  A tengu warrior (D:14)
  An orc high priest (Orc:2)
  Urug (Lair:4)
  Sonja (D:12)
  2 skeletal warriors
  A skyshark (Lair:5)
  5 pharaoh ants
  2 sun moths
  A spectral anaconda (Lair:5)
  2 deep trolls (Orc:2)
  2 orb spiders
  4 lindwurms (D:11)
  3 steelbarb worms
  2 orc knights
  A deep elf pyromancer (D:13)
  3 necromancers (Lair:5)
  2 orc sorcerers
  4 wolf spiders
  A manticore (D:13)
  4 cyclopes
  An ugly thing (D:13)
  2 moths of wrath
  5 black mambas
  2 dire elephant zombies (Lair:5)
  13 elephants
  10 demonic crawlers
  7 slime creatures
  Maurice (D:11)
  4 torpor snails
  Joseph (D:7)
  A gargoyle (D:10)
  12 cane toads
  A kobold demonologist (D:11)
  6 komodo dragons
  An efreet (D:13)
  An unseen horror (D:13)
  12 trolls
  2 meliai (Spider:3)
  4 polar bears
  15 tarantellas
  18 blink frogs
  5 dream sheep (Lair:4)
  11 jumping spiders
  11 culicivoras
  2 shadows
  5 hogs (Spider:2)
  10 wyverns
  74 yaks
  5 wraiths
  28 redbacks
  3 basilisks
  A death yak simulacrum (Lair:5)
  2 steam dragons
  4 vampire mosquitoes (D:13)
  4 wargs
  2 acid dragons (D:11)
  10 water moccasins
  11 orc warriors
  4 black bears
  An ice beast (D:5)
  A sky beast (D:6)
  26 ogres
  15 wolves
  4 centaurs
  A phantom (D:4)
  2 kobold brigands
  8 bullfrogs
  2 gnoll sergeants
  2 scorpions
  A cane toad simulacrum (Lair:5)
  An elephant simulacrum (Lair:5)
  8 killer bees (D:9)
  3 electric eels
  6 howler monkeys
  2 hounds
  14 orc priests
  4 jellies
  3 gnoll boudas
  17 orc wizards
  A sleepcap (D:6)
  Ijyb (D:3)
  Terence (D:2)
  An iguana (D:4)
  6 hell rats (Lair:5)
  12 gnolls
  8 adders
  A white imp (D:6)
  An ufetubus (D:7)
  A worm (D:2)
  2 dart slugs
  50 orcs
  6 endoplasms
  3 giant cockroaches
  13 goblins
  4 hobgoblins
  5 jackals
  A quokka (D:2)
  4 ball pythons
  4 bats
  3 frilled lizards
  21 kobolds
  9 rats
673 creatures vanquished.

Vanquished Creatures (others)
  2 humans (Spider:2)
  An orc wizard (D:8)
  44 fungi
  60 plants
  17 withered plants (Lair:5)
124 creatures vanquished.

Grand Total: 797 creatures vanquished

Notes
Turn   | Place    | Note
-------+----------+-------------------------------------------
     0 | D:1      | rhysdieslots the Deep Elf Air Elementalist began the quest
                  | for the Orb.
     0 | D:1      | Reached XP level 1. HP: 10/10 MP: 6/6
   648 | D:1      | Reached XP level 2. HP: 15/15 MP: 5/8
   686 | D:1      | Learned a level 2 spell: Static Discharge
  1259 | D:2      | Noticed Terence
  1275 | D:2      | Killed Terence
  1276 | D:2      | Reached XP level 3. HP: 17/19 MP: 0/10
  1874 | D:3      | Reached XP level 4. HP: 19/24 MP: 2/11
  1879 | D:3      | Learned a level 4 spell: Airstrike
  2395 | D:3      | Found Jony's Weapon Shop.
  2747 | D:3      | Identified the +3 whip of Fulleunt {heavy, rF++ rC++ Int-4}
  2779 | D:3      | Noticed Ijyb
  3029 | D:3      | Killed Ijyb
  3348 | D:4      | Reached skill level 4 in Spellcasting
  3456 | D:4      | Noticed an ogre
  3458 | D:4      | Killed an ogre
  3459 | D:4      | Reached XP level 5. HP: 28/28 MP: 4/13
  3552 | D:4      | Found a white marble altar of Elyvilon.
  3734 | D:4      | Found a shimmering altar of Xom.
  3735 | D:4      | Found a shimmering altar of Xom.
  3736 | D:4      | Found a shimmering altar of Xom.
  3898 | D:4      | Noticed a phantom
  3901 | D:4      | Killed a phantom
  3902 | D:4      | Reached XP level 6. HP: 32/32 MP: 4/14
  3906 | D:4      | Learned a level 3 spell: Frozen Ramparts
  4373 | D:4      | Reached skill level 5 in Air Magic
  4536 | D:4      | Found a shimmering altar of Xom.
  4536 | D:4      | Found a shimmering altar of Xom.
  4801 | D:5      | Entered Level 5 of the Dungeon
  4858 | D:5      | Reached skill level 1 in Ice Magic
  4864 | D:5      | Reached skill level 5 in Spellcasting
  4864 | D:5      | Reached XP level 7. HP: 32/36 MP: 6/16
  5141 | D:5      | Found a staircase to the Ecumenical Temple.
  5158 | Temple   | Entered the Ecumenical Temple
  5289 | Temple   | Became a worshipper of Vehumet
  5423 | D:5      | Reached skill level 5 in Conjurations
  5856 | D:5      | Reached skill level 5 in Dodging
  5856 | D:5      | Reached XP level 8. HP: 41/41 MP: 15/18
  5901 | D:5      | Learned a level 6 spell: Plasma Beam
  5998 | D:5      | Reached skill level 1 in Fire Magic
  6302 | D:6      | Reached skill level 6 in Spellcasting
  6575 | D:6      | Reached skill level 1 in Fighting
  6634 | D:6      | Reached XP level 9. HP: 35/48 MP: 4/20
  7274 | D:6      | Found a hazy altar of Hepliaklqana.
  7296 | D:6      | Reached * piety under Vehumet
  7296 | D:6      | Offered knowledge of Kiss of Death by Vehumet.
  7493 | D:6      | Noticed a two-headed ogre
  7622 | D:7      | Reached skill level 7 in Spellcasting
  7762 | D:7      | Noticed Joseph
  7767 | D:7      | Killed Joseph
  7768 | D:7      | Reached skill level 5 in Fire Magic
  8279 | D:7      | Found a runed translucent door.
  8280 | D:7      | Noticed Crazy Yiuf
  8662 | D:8      | Reached ** piety under Vehumet
  8669 | D:7      | Offered knowledge of Sandblast by Vehumet.
  8960 | D:8      | Noticed Maggie
  9505 | D:8      | Found Ziperam's Antique Weapon Boutique.
  9505 | D:8      | Noticed a two-headed ogre
  9811 | D:9      | Found a shadowy altar of Dithmenos.
 10072 | D:9      | Reached XP level 10. HP: 56/56 MP: 17/23
 10087 | D:9      | Reached skill level 8 in Spellcasting
 10277 | D:9      | Offered knowledge of Inner Flame by Vehumet.
 10664 | D:9      | Noticed a two-headed ogre
 10670 | D:9      | Killed a two-headed ogre
 10983 | D:10     | Entered Level 10 of the Dungeon
 10991 | D:10     | Reached skill level 9 in Spellcasting
 11003 | D:10     | Reached *** piety under Vehumet
 11128 | D:10     | Noticed Josephine
 11235 | D:10     | Noticed a two-headed ogre
 11240 | D:10     | Killed a two-headed ogre
 11241 | D:10     | Reached XP level 11. HP: 59/62 MP: 12/26
 11281 | D:10     | Noticed a two-headed ogre
 11428 | D:10     | Reached skill level 10 in Air Magic
 11448 | D:10     | Killed Josephine
 11583 | D:10     | Killed a two-headed ogre
 11919 | D:10     | Found a staircase to the Lair.
 11957 | D:10     | Offered knowledge of Olgreb's Toxic Radiance by Vehumet.
 11965 | D:10     | Found a staircase to the Orcish Mines.
 12211 | D:10     | Reached skill level 10 in Spellcasting
 12306 | D:10     | Reached skill level 5 in Fighting
 12314 | D:10     | Learned a level 5 spell: Arcjolt
 12329 | D:10     | Identified the +4 rapier of Due Proportion {freeze, rC++
                  | Str+5}
 12660 | D:10     | Reached **** piety under Vehumet
 12661 | D:10     | Reached skill level 10 in Fire Magic
 12890 | D:10     | Noticed Fannar
 12907 | D:10     | Learned a level 4 spell: Olgreb's Toxic Radiance
 12929 | D:10     | Killed Fannar
 13107 | D:10     | Offered knowledge of Mephitic Cloud by Vehumet.
 13397 | D:3      | Bought the +5 hand axe of Haamos {drain, Str+2 Int+6} for
                  | 650 gold pieces
 13542 | Lair:1   | Entered Level 1 of the Lair of Beasts
 13563 | Lair:1   | Noticed a boulder beetle
 13575 | Lair:1   | Killed a boulder beetle
 13810 | Lair:1   | Learned a level 5 spell: Fireball
 13814 | Lair:1   | Reached skill level 1 in Poison Magic
 13814 | Lair:1   | Reached XP level 12. HP: 68/68 MP: 20/28
 14146 | Lair:1   | Reached skill level 11 in Spellcasting
 14657 | Lair:1   | Noticed a catoblepas
 15569 | Lair:2   | Reached ***** piety under Vehumet
 15753 | Lair:2   | Offered knowledge of Irradiate by Vehumet.
 15999 | Lair:2   | You fall into a shaft and drop 2 floors!
 15999 | Lair:4   | Found a viscous altar of Jiyva.
 15999 | Lair:4   | Found a staircase to the Slime Pits.
 16004 | Lair:4   | Reached skill level 12 in Spellcasting
 16008 | Lair:4   | Noticed Urug
 16026 | Lair:4   | Killed Urug
 16027 | Lair:4   | Reached skill level 5 in Poison Magic
 16555 | Lair:2   | Noticed a death yak
 16556 | Lair:2   | Noticed a death yak
 16562 | Lair:2   | Noticed a death yak
 16563 | Lair:2   | Killed a death yak
 16563 | Lair:2   | Killed a death yak
 16565 | Lair:2   | Killed a death yak
 16572 | Lair:2   | Learned a level 5 spell: Irradiate
 16787 | Lair:2   | Reached XP level 13. HP: 76/76 MP: 14/31
 17165 | Lair:2   | Reached skill level 1 in Transmutations
 17338 | Lair:3   | Reached skill level 13 in Spellcasting
 17568 | Lair:3   | Reached skill level 10 in Dodging
 17712 | Lair:3   | Found a hole to the Spider Nest.
 18012 | Lair:3   | Found a staircase to the Shoals.
 19650 | Lair:5   | Entered Level 5 of the Lair of Beasts
 20188 | Lair:5   | Reached skill level 14 in Spellcasting
 21240 | Lair:5   | Found a runed translucent gate.
 21240 | Lair:5   | Found a runed translucent gate.
 21240 | Lair:5   | Found a runed translucent gate.
 21245 | Lair:5   | Noticed TobyRickard's ghost (journeyman MiBe)
 21259 | Lair:5   | Identified the +8 war axe of the Unbearable God {holy,
                  | rPois rC++ Int+2 Dex-2}
 21388 | Lair:5   | Noticed a dire elephant
 21437 | Lair:5   | Reached XP level 14. HP: 84/84 MP: 14/34
 21528 | Lair:5   | Identified the amulet "Aqut" {Faith +Blink rF++ Regen+
                  | Int-4}
 21842 | Lair:5   | Offered knowledge of Freezing Cloud by Vehumet.
 22320 | Lair:5   | Reached skill level 15 in Spellcasting
 22699 | Orc:1    | Entered Level 1 of the Orcish Mines
 22964 | Orc:2    | Entered Level 2 of the Orcish Mines
 22973 | Orc:2    | Found a staircase to the Elven Halls.
 24390 | Orc:2    | Reached skill level 16 in Spellcasting
 24980 | Orc:2    | Found Plog's Magic Scroll Boutique.
 24994 | Orc:2    | Found Zuzum's Distillery.
 24995 | Orc:2    | Found Tuozebeo's Armour Emporium.
 25009 | Orc:2    | Bought a scroll of fear for 52 gold pieces
 25011 | Orc:2    | Found Tuufrim's Antique Weapon Shop.
 25319 | Orc:2    | Bought a potion of curing for 51 gold pieces
 25319 | Orc:2    | Bought a potion of heal wounds for 85 gold pieces
 25319 | Orc:2    | Bought a potion of curing for 51 gold pieces
 25319 | Orc:2    | Bought a potion of haste for 170 gold pieces
 25350 | Orc:1    | Paralysed by an orc sorcerer for 3 turns
 25666 | Spider:1 | Entered Level 1 of the Spider Nest
 25674 | Spider:1 | Offered knowledge of Eringya's Noxious Bog by Vehumet.
 25675 | Spider:1 | Reached skill level 1 in Axes
 25859 | Spider:1 | Reached skill level 10 in Fighting
 26183 | D:11     | Found a runed translucent door.
 26183 | D:11     | Noticed IAmTheZeppo's ghost (journeyman MiFi)
 26218 | D:11     | Found a transporter.
 26219 | D:11     | Found a transporter.
 26383 | D:11     | Noticed Harold
 26387 | D:11     | Killed Harold
 26705 | D:11     | Noticed Snorg
 26714 | D:11     | Killed Snorg
 26837 | D:11     | Noticed Erica
 26839 | D:11     | Killed Erica
 26840 | D:11     | Reached XP level 15. HP: 92/92 MP: 24/37
 26989 | D:11     | Noticed Maurice
 26991 | D:11     | Killed Maurice
 27217 | D:11     | Identified the staff of death "Raweplol" {Contam rN+ Str+5}
 27221 | D:11     | Identified the staff of fire "Kauqukac" {rPois rF+ rCorr}
 27493 | D:12     | Learned a level 3 spell: Ignite Poison
 27502 | D:12     | Learned a level 8 spell: Ignition
 28082 | D:12     | Noticed Sonja
 28087 | D:12     | Killed Sonja
 29331 | D:13     | Reached skill level 1 in Evocations
 29627 | D:13     | Reached skill level 1 in Shields
 30364 | D:14     | Noticed Agnes
 31343 | Spider:1 | Offered knowledge of Lee's Rapid Deconstruction by Vehumet.
 31572 | Spider:1 | Identified the +2 robe "Osipsuth" {Dex+6}
 31779 | Spider:2 | Noticed Kirke
 31781 | Spider:2 | Killed Kirke
 33789 | Spider:3 | Offered knowledge of Iron Shot by Vehumet.
 34066 | Spider:3 | Reached XP level 16. HP: 100/100 MP: 17/38
 34092 | Spider:3 | HP: 2/100 [tarantella simulacrum (9)]
 34094 | Spider:3 | Slain by a wolf spider

Illustrated notes

Levels and vault maps discovered:
D:1:      dpeg_arrival_rooms_b, layout_loops_ring
D:2:      layout_loops_cross, uniq_terence
D:3:      kennysheep_goblin_castle, layout_basic, serial_shops,
          nicolae_shop_advertising_works [nicolae_subvault_shop_adworks]
D:4:      layout_layer_cave, lemuel_round_altar, xom_redecorated,
          chequers_serial_rivers_small_3, skrybe_limestone_x
D:5:      layout_basic, minmay_temple_entry_junction
D:6:      layout_basic, minmay_ruined_shrine, uniq_duvessa
D:7:      layout_cave_pools, uniq_crazy_yiuf_cottage, uniq_joseph
D:8:      layout_loops_ring, serial_shops, shop, uniq_maggie
D:9:      layout_loops_ring, lemuel_crystal_altar
D:10:     layout_irregular_city, minmay_lair_entry_grove, uniq_fannar,
          uniq_josephine
D:11:     gammafunk_boulding_lane, layout_irregular_city,
          hellmonk_ghost_happy_afterlife, minmay_lindwurm_lava, uniq_maurice,
          uniq_erica, uniq_harold, uniq_snorg
D:12:     layout_stronghold, uniq_sonja
D:13:     layout_roguey
D:14:     layout_long_grid, david_vaults_4, chequers_arboretum, uniq_agnes
Temple:   nicolae_temple_bog_church
Lair:1:   layout_regular_city, grunt_megastairs_2, lemuel_fruit_tree
Lair:2:   layout_regular_city, serial_rivers, chequers_serial_rivers_micro_b,
          chequers_serial_rivers_large_a, chequers_serial_rivers_marsh,
          chequers_serial_rivers_micro_c, gauntlet_entry_generic,
          chequers_serial_rivers_micro_b
Lair:3:   layout_cave_pods, elwin_shoals_entry_rocks,
          nicolae_spider_entry_orb_guardian, grunt_megastairs_1,
          lemuel_fruit_fields
Lair:4:   layout_long_grid, nicolae_slime_entry_field_trip,
          infiniplex_staircase_pool, uniq_urug
Lair:5:   due_jungle_book, layout_regular_city, ebering_ghost_rock_garden,
          fungi_pond_lemuel, st_stairs_8, infiniplex_staircase_pool_2,
          lemuel_fruit_fields, serial_bayou_shore_b
Spider:1: layout_spider_delve, hellmonk_motheaten_closet
Spider:2: nicolae_spider_hilbert_zone_5 [nicolae_spider_hilbert_3_sides_1_open,
          nicolae_spider_hilbert_4_sides_1_open,
          nicolae_spider_hilbert_4_sides_1_open,
          nicolae_spider_hilbert_6_sides_1_open,
          nicolae_spider_hilbert_6_sides_1_open], uniq_kirke
Spider:3: layout_spider_delve
Orc:1:    layout_caves
Orc:2:    st_orc_open, layout_diamond_mine

Skill      XL: |  1  2  3  4  5  6  7  8  9 10 11 12 13 14 15 |
---------------+----------------------------------------------+-----
Conjurations   | 2 3 4 5 |  5.7
Dodging        | 3 4 5 7 9 11 13 | 13.5
Air Magic      | 4 5 7 8 9 11 | 11.5
Spellcasting   | 4 5 6 7 9 10 12 14 16 | 16.4
Ice Magic      | 1 2 3 |  3.7
Fire Magic     | 3 6 8 10 11 13 | 13.4
Fighting       | 1 3 4 5 6 8 10 11 | 11.0
Poison Magic   | 1 5 6 |  6.1
Transmutations | 4 |  4.0
Axes           | 2 4 |  4.6
Evocations     | 4 |  4.0
Shields        | 3 |  3.8
Stealth        | |  2.4

Action                     |  1- 3 |  4- 6 |  7- 9 | 10-12 | 13-15 | 16-18 || total
---------------------------+-------+-------+-------+-------+-------+-------++-------
  Melee: Dagger            |     3 |       |       |       |       |       ||     3
         Staff             |       |       |    16 |     6 |       |       ||    22
         Hand axe          |       |       |       |    14 |    43 |     6 ||    63
   Cast: Shock             |    53 |    74 |   135 |    68 |    56 |       ||   386
         Static Discharge  |    11 |     7 |    51 |    46 |    20 |       ||   135
         Airstrike         |       |     7 |    53 |   151 |   219 |     1 ||   431
         Frozen Ramparts   |       |     1 |     3 |    15 |    10 |     1 ||    30
         Plasma Beam       |       |       |       |     8 |   102 |     1 ||   111
         Olgreb's Toxic Ra |       |       |       |    20 |    73 |     1 ||    94
         Fireball          |       |       |       |     8 |    37 |     1 ||    46
         Arcjolt           |       |       |       |     7 |    40 |       ||    47
         Irradiate         |       |       |       |     1 |    10 |     1 ||    12
         Ignite Poison     |       |       |       |       |    26 |     1 ||    27
         Ignition          |       |       |       |       |    23 |       ||    23
  Evoke: Wand              |       |       |       |     9 |     7 |     1 ||    17
    Use: Potion            |     3 |       |     6 |       |     9 |     3 ||    21
         Scroll            |       |     9 |    11 |     4 |    10 |     1 ||    35
 Armour: Robe              |     3 |     1 |    10 |    13 |    19 |       ||    46
  Dodge: Dodged            |     5 |    14 |    76 |    84 |   245 |    18 ||   442
  Block: Other             |       |       |       |       |    36 |       ||    36
         Reflection        |       |       |       |       |     1 |       ||     1
         Buckler           |       |       |       |       |    14 |    12 ||    26
